Unix NetHack Version 3.7.0-59 Work-in-progress - last build Jun 21 2022 21:34:18 (82e59222e4b6558e33156aede0636042c14940b8,branch:master). Game began 2022-06-24 13:45:59, ended 2022-06-25 12:34:06. DoktorL, chaotic male elven Priest --- ----------- .....%........... ---...-- -A----....... |....-- .). ...... ----...-- .%. ....$.. ----- .....)... 41 .%. 11 ......... ----- .%.| .%.----- 41A4 1 ---..$ |... ---------.%-- -%-- a@%a a --%-- --..--------- |.......|...-- .$. -----A----- ...... --...|.......| |.......|..%.---...... ---...a)a@..--- .......---....|.......| |..._...-%.%%.-?...... |...@.Aaa.....| ..%...())%...!..._[..| |.......|....---..... |. ----A---- .| .....---....|.......| |.......|...-- -... | @|..A....|X | --...|.......| ---------..-- |..A&A..| @ --..--------- ...| AD|..@@.a.|@A |... ----- |.......| ----- |.......| --------- DoktorL the Canon St:18 Dx:18 Co:16 In:14 Wi:20 Ch:11 Chaotic S:1082494 Astral Plane $:0 HP:189(199) Pw:175(313) AC:-37 Xp:20/5217614 T:45074 Conf Latest messages: The magic missile hits it. The magic missile hits it. "Thy head is unfit for a mind flayer to munch upon!" What do you want to drink? [bzN or ?*] Ooph! This tastes like liquid fire! The Angel of Moloch misses! The Angel of Moloch hits! The Angel of Moloch misses! The Angel of Moloch casts a spell at you! You are hit by a shower of missiles! The missiles bounce off! "Hast thou been drinking, or art thou always so clumsy?" What do you want to eat? [gnr or ?*] This cream pie is delicious! Death moves the Angel of Shan Lai Ching out of the way! Pasi the invisible Traveler throws a silver dagger! The silver dagger misses it. The silver dagger hits it. The Angel of Chih Sung-tzu zaps you with a magic missile! The magic missile hits it. The magic missile misses it. The magic missile whizzes by you! The renegade Angel of Huan Ti misses! The renegade Angel of Huan Ti misses! The renegade Angel of Huan Ti misses! The renegade Angel of Huan Ti casts a spell at you! You are hit by a shower of missiles! The missiles bounce off! The Angel of Moloch misses! The Angel of Moloch hits! The Angel of Moloch hits! The Angel of Moloch casts a spell at you! You are hit by a shower of missiles! The missiles bounce off! # Talk to whom? (in what direction) I MAY HAVE ALLOWED MYSELF SOME FLICKER OF EMOTION IN THE RECENT PAST, BUT I CAN GIVE IT UP ANY TIME I LIKE. # What do you want to sacrifice? [i or ?*] You offer the Amulet of Yendor to Huan Ti... An invisible choir sings, and you are bathed in radiance... The voice of Huan Ti booms: "Mortal, thou hast done well!" "In return for thy service, I grant thee the gift of Immortality!" You ascend to the status of Demigod... Do you want your possessions identified? [ynq] (y) Do you want to see your attributes? [ynq] (y) Do you want an account of creatures vanquished? [ynaq] (y) Do you want a list of species genocided and extinct? [ynq] (y) Do you want to see your conduct and achievements? [ynq] (y) Do you want to see the dungeon overview? [ynq] (y) Major events: Turn 1: DoktorL the chaotic elven Priest entered the dungeon 1310: entered the Gnomish Mines 1778: entered Sokoban 1873: attained the rank of Acolyte (level 3) 2259: completed sokoban 1 3202: reached Mine Town 6200: attained the rank of Adept (level 6) 6795: completed sokoban 2 7382: completed sokoban 3 8900: completed sokoban 4 9811: acquired the Sokoban amulet of reflection 10397: chose an elven dagger to be named "Sting" 10397: chose an elven broadsword to be named "Orcrist" 13232: attained the rank of Priest (level 10) 13717: bestowed with Stormbringer by Huan Ti 20735: killed Medusa 23907: acquired the Mines' End luckstone 27686: bestowed with Trollsbane by Huan Ti 27788: bestowed with Werebane by Huan Ti 29245: made his first wish - "blessed greased bag of holding", got "a blessed greased bag" 29955: found Demonbane on the floor 30635: wished for "blessed ring of teleport control", got "a blessed moonstone ring" 30637: wished for "magic marker", got "a magic marker" 30848: wished for "2 cursed scrolls of genocide", got "a cursed scroll labeled FOOBIE BLETCH" 31245: attained the rank of Curate (level 14) 33401: killed the invisible Nalzok 33401: found the Mitre of Holiness carried by a monster 33416: acquired the Bell of Opening 33767: attained the rank of Canon (level 18) 33979: performed his first genocide (class L) 35467: entered Gehennom 38480: killed Juiblex 38573: killed Asmodeus 38908: killed Baalzebub 39386: destroyed Vlad the Impaler 39388: acquired the Candelabrum of Invocation 39758: killed the invisible Orcus 42047: killed the Wizard of Yendor 42049: killed the Wizard of Yendor (2nd time) 42053: acquired the Book of the Dead 42061: performed the invocation 42352: killed the high priestess of Moloch 42360: acquired The Amulet of Yendor 44245: killed the Wizard of Yendor (3rd time) 44592: entered the Elemental Planes 44592: entered Plane of Earth 44603: killed the Wizard of Yendor (5th time) 44666: entered Plane of Air 44737: entered Plane of Fire 44774: entered Plane of Water 44840: entered the Astral Plane 44854: killed Famine 44884: killed Famine (2nd time) 44894: killed Famine (3rd time) 44902: found Fire Brand carried by a monster 44958: killed Pestilence 44970: killed Pestilence (2nd time) 44996: killed Pestilence (3rd time) 45037: killed Death 45055: killed Death (2nd time) 45071: wished for "2 blessed potions of booze", got "2 blessed potions called vodka" 45074: ascended Inventory: Amulets f - a cursed amulet of life saving k - an amulet of reflection (being worn) Weapons a - the rustproof +6 Stormbringer (weapon in hand) O - the +4 Werebane (alternate weapon; not wielded) Armor H - a blessed very rusty +4 helm of telepathy (being worn) L - the blessed +0 Mitre of Holiness P - a thoroughly burnt +4 pair of leather gloves (being worn) A - a blessed fireproof +5 pair of high boots named fireproof (being worn) M - a cursed fireproof +3 cloak of protection (being worn) F - a blessed +4 Hawaiian shirt with a sea turtle motif (being worn) W - a cursed +4 gray dragon scale mail (being worn) Comestibles g - 3 C-rations n - a cursed lizard corpse Spellbooks T - the Book of the Dead Potions z - a potion of extra healing N - a blessed diluted potion of full healing Rings y - a +2 ring of protection (on right hand) p - a +1 ring of protection (on left hand) Wands m - a wand of cancellation named ACHTUNG!!!!!!!!!!!!!!!!!!!!!! (0:2) D - a wand of cancellation named ACHTUNG!!!!!!!!!!!!!!!!!!! (0:2) Y - a wand of death (0:0) J - a wand of digging (0:7) x - a wand of fire (0:6) E - a wand of lightning (0:6) u - a cursed wand of lightning (0:7) K - a wand of slow monster (0:4) Z - a wand of wishing (1:1) Tools t - a blessed greased bag of holding containing 39 items s - a cursed wooden flute U - the Bell of Opening (0:2) V - a blindfold w - the Candelabrum of Invocation (0 of 7 candles attached) C - a cursed magic whistle S - a skeleton key I - a stethoscope e - a blessed +0 unicorn horn Gems/Stones j - a luckstone Contents of the bag of holding: a cheap plastic imitation of the Amulet of Yendor a very burnt +0 robe named all res 8 C-rations a fortune cookie 11 K-rations 2 sprigs of wolfsbane 4 scrolls of blank paper 2 cursed scrolls of blank paper a blessed scroll of charging a scroll of fire a scroll of gold detection a blessed scroll of identify 2 blessed scrolls of remove curse a scroll of scare monster 4 blessed potions of full healing 2 potions of full healing a blessed potion of gain energy a potion of gain energy a blessed potion of levitation 2 potions of restore ability 5 potions of holy water a ring of free action a ring of levitation a +1 ring of protection a blessed ring of teleport control a wand of cold (0:6) a blessed wand of digging (0:3) a wand of digging (0:4) a wand of opening (0:4) a wand of probing (0:7) a cursed wand of sleep (0:1) a wand of speed monster (0:4) a magic marker (0:40) a magic marker (1:11) 2 agate stones 3 black opals a dilithium crystal a topaz stone a luckstone DoktorL the Priest's attributes: Background: You were a Canon, a level 20 elven Priest. You were chaotic, on a mission for Huan Ti who was opposed by Shan Lai Ching (lawful) and Chih Sung-tzu (neutral). You were in the endgame, on the Astral Plane. You entered the dungeon 45074 turns ago. You had 5217614 experience points, 4782386 more were needed for level 21. Your score was 1082494 before end-of-game adjustments. Basics: You had 189 out of 199 hit points. You had 175 out of 313 energy points (spell power). Your armor class was -37. Your wallet was empty. Autopickup was off. Final Characteristics: Your strength was 18 (limit:18). Your dexterity was 18 (limit:18). Your constitution was 16 (limit:16). Your intelligence was 14 (limit:20). Your wisdom was 20 (limit:20). Your charisma was 11 (limit:18). Final Status: You were confused. You were not hungry. You were unencumbered. You were wielding a broadsword. You had basic skill with broadsword. Final Attributes: You were piously aligned. You were magic-protected. You were fire resistant. You were cold resistant. You were sleep resistant. You were shock resistant. You were poison resistant. You were level-drain resistant. You saw invisible. You were telepathic. You were warned. You had infravision. You were invisible to others. You had a moderate defense bonus (+9). You were protected. You were fast. You had reflection. You were extremely lucky. You had extra luck. Bad luck did not time out for you. Good luck did not time out for you. You survived. Miscellaneous: You never encountered a bones level. Total elapsed playing time was 15 hours, 28 minutes and 45 seconds. Vanquished creatures: Asmodeus Baalzebub Orcus Juiblex the Wizard of Yendor (5 times) Death (twice) Pestilence (thrice) Famine (4 times) Vlad the Impaler a high cleric 2 mastodons Medusa a kraken a master lich 2 storm giants a glass golem 2 balrogs Nalzok 5 purple worms 5 gray dragons a gold dragon 4 silver dragons a red dragon 2 white dragons 2 orange dragons 3 black dragons 5 blue dragons 2 green dragons 3 yellow dragons 12 minotaurs 2 jabberwocks 5 baluchitheria 9 Angels a stone golem a Nazgul 4 pit fiends 3 sandestins 3 hell hounds 4 displacer beasts 3 titanotheres 4 trappers a baby orange dragon 2 baby yellow dragons a guardian naga 3 genetic engineers 3 disenchanters 31 vampire leaders 3 skeletons a shopkeeper 23 aligned clerics 3 captains 6 shades 4 liches 6 clay golems 7 nurses 7 ice devils 6 nalfeshnees 2 lurkers above 3 Aleaxes 4 ettins a golden naga 14 black puddings 37 vampires 5 lieutenants a watch captain 112 ghosts 2 queen bees 2 winged gargoyles 4 mind flayers 4 giant mimics 5 long worms a zruty 3 fire giants 2 ogre tyrants 5 ice trolls a rock troll 6 umber hulks 3 flesh golems a doppelganger 6 hezrous 3 bone devils 2 large mimics 2 wumpuses 2 fire vortices a couatl 10 stalkers 5 air elementals 2 fire elementals 8 earth elementals 5 water elementals 5 hill giants 3 giant mummies 6 black nagas 7 xorns 27 giant zombies 4 elf-nobles 5 sergeants 8 barbed devils 11 vrocks 7 wargs 2 winter wolves 3 hell hound pups 3 small mimics 2 glass piercers 3 warhorses 2 steam vortices 8 xans 5 ettin mummies 2 ogre leaders 7 quantum mechanics 5 trolls 2 sasquatches a wood golem 2 erinyes 11 mariliths 4 sharks an electric eel 6 gelatinous cubes 4 pyrolisks 3 large dogs 3 freezing spheres a flaming sphere 9 shocking spheres 4 large cats 4 tigers 8 gargoyles 3 dwarf rulers 4 tengu 9 ochre jellies 6 leocrottas 6 energy vortices 3 mountain centaurs 4 elf mummies 2 red nagas a green slime 10 pythons 6 pit vipers 5 cobras 158 wraiths 7 carnivorous apes 50 ettin zombies 2 leather golems 3 Grey-elves 54 soldiers 2 watchmen 19 amorous demons 12 horned devils 3 chameleons 3 crocodiles 32 giant beetles 2 quivering blobs 39 cockatrices 8 wolves 3 winter wolf cubs a lynx 2 panthers 7 gremlins 28 leprechauns 3 orc-captains 4 iron piercers 3 mumakil 12 giant spiders 4 scorpions 5 horses 3 ice vortices 7 black lights 8 vampire bats 6 forest centaurs 5 gnome rulers 4 orc mummies 7 dwarf mummies an ogre 2 brown puddings 8 rust monsters 7 owlbears 4 yetis 3 gold golems a Green-elf 2 piranha 12 giant eels 9 lizards 6 chickatrices 4 dingoes 2 dogs 2 housecats 5 jaguars 4 dwarf leaders 3 blue jellies 6 white unicorns 2 gray unicorns 10 dust vortices 4 ravens 2 plains centaurs 3 gnome mummies 8 snakes 11 apes 87 human zombies a rope golem 2 Woodland-elves 33 soldier ants 19 fire ants 4 bugbears an imp a quasit 3 wood nymphs 4 water nymphs 3 mountain nymphs 6 Mordor orcs 17 Uruk-hai 3 orc shamans 4 rock piercers a rock mole 4 ponies 8 fog clouds 7 yellow lights a shrieker 3 violet fungi 14 gnome leaders 9 gnomish wizards 3 kobold mummies 2 black naga hatchlings a golden naga hatchling 3 gray oozes 4 barrow wights 42 elf zombies 61 ghouls a paper golem 2 jellyfish 43 giant ants a little dog 7 floating eyes 2 kittens 26 dwarves a homunculus 2 kobold leaders 4 kobold shamans 10 rothes 5 rabid rats 4 giant bats 4 monkeys 54 orc zombies 59 dwarf zombies a wererat a werejackal 7 iguanas 60 killer bees 2 acid blobs a coyote 3 gas spores 13 hobbits 7 manes 4 large kobolds 8 hobgoblins 4 giant rats 3 cave spiders 2 brown molds 5 yellow molds a green mold 72 gnomes 3 garter snakes 50 gnome zombies 16 geckos 17 jackals 2 foxes 4 kobolds 3 goblins 7 sewer rats 11 grid bugs 7 lichens 40 kobold zombies 14 newts 2304 creatures vanquished. Genocided or extinct species: liches demiliches master liches arch-liches wraiths (extinct) human zombies (extinct) erinyes (extinct) 4 species genocided. 3 species extinct. Voluntary challenges: You read items or engraved 126 times. You engraved Elbereth 12 times. You genocided 4 types of monsters. You used 5 wishes. You did not wish for any artifacts. You violated the special Sokoban rules once. Achievements: You entered a shop. You entered the Gnomish Mines. You entered Sokoban. You attained the rank of Acolyte. You entered Minetown. You entered a temple. You attained the rank of Adept. You completed Sokoban. You attained the rank of Priest. You defeated Medusa. You completed the Gnomish Mines. You learned the tune to open and close the Castle's drawbridge. You attained the rank of Curate. You had the Bell of Opening. You attained the rank of Canon. You entered Gehennom. You had the Candelabrum of Invocation. You had the Book of the Dead. You gained access to Moloch's Sanctum. You reached the Elemental Planes. You reached the Astral Plane. You delivered the Amulet of Yendor. You ascended! The Elemental Planes: Astral Plane: <- You are here. Many temples. Plane of Water: Plane of Fire: Plane of Air: Plane of Earth: The Dungeons of Doom: levels 1 to 28 Level 1: "vault" Some fountains. One way stairs up to The Elemental Planes. Level 2: "vault" An armor shop. Level 3: A fountain. Level 4: Stairs down to The Gnomish Mines. Level 5: Many fountains. Level 6: "sokoban stash" An untended shop, an altar to Huan Ti. Stairs up to Sokoban, level 5. Level 7: Level 8: "vault" Some shops. Level 9: A temple to Huan Ti, a sink. Level 10: Some fountains. Level 11: A temple. Level 12: A fountain. Portal to The Quest. Level 13: Many graves. Level 14: "vault, stash" Level 15: A sink. Level 16: A primitive area. Level 17: Level 18: Level 19: "level teleport" An altar. Level 20: "level teleport" A grave. Level 21: A fountain. Level 22: "vault" Some altars to Huan Ti. Level 23: A fountain. Level 24: Level 25: Some fountains, many trees. Level 26: Level 27: Level 28: A fountain. The castle. Connection to Gehennom. Gehennom: levels 29 to 52 Level 29: A temple, many graves. Valley of the Dead. Level 30: Level 31: Level 32: Level 33: Level 34: Level 35: A fountain. Level 36: Level 37: Level 38: Stairs up to Vlad's Tower, level 37. Level 39: Level 40: Some shops, an altar, some graves. Level 41: Level 42: Level 43: Level 44: Level 45: Level 46: Level 47: Level 48: "tower entrance" Level 49: Level 50: Level 51: Level 52: A temple, many graves. Moloch's Sanctum. The Gnomish Mines: levels 5 to 13 Level 5: Level 6: Level 7: Many shops, a temple, some fountains. Level 8: "MASTER LICH BELOW" Level 9: "MASTER LICH HERE" Level 10: Level 11: Level 12: Level 13: The Quest: levels 1 to 6 Level 1: A temple, many trees. Completed quest for the Arch Priest. Level 2: Many graves. Level 3: A temple, many graves. Level 4: Many graves. Level 5: Many graves. Level 6: Sokoban: levels 5 up to 2 Level 2: Solved. Level 3: Solved. Level 4: Solved. Level 5: Solved. Vlad's Tower: levels 37 up to 35 Level 35: Level 36: Level 37: Goodbye DoktorL the Demigod... You went to your reward with 2257338 points, Stormbringer (worth 8000 zorkmids and 20000 points) The Candelabrum of Invocation (worth 5000 zorkmids and 12500 points) The Mitre of Holiness (worth 2000 zorkmids and 5000 points) Werebane (worth 1500 zorkmids and 3750 points) The Book of the Dead (worth 10000 zorkmids and 25000 points) The Bell of Opening (worth 5000 zorkmids and 12500 points) 3 black opals (worth 7500 zorkmids), 2 agate stones (worth 400 zorkmids), 1 dilithium crystal (worth 4500 zorkmids), 1 topaz stone (worth 900 zorkmids), 1 amulet of life saving (worth 150 zorkmids), 1 amulet of reflection (worth 150 zorkmids), 1 cheap plastic imitation of the Amulet of Yendor (worth 0 zorkmids), and 0 pieces of gold, after 45074 moves. You were level 20 with a maximum of 199 hit points when you ascended.